NCAA
OKLAHOMA STATE COWBOYS @ SAINT JOHN'S RED STORM
05/05/2028
 
TOP OF THE 1ST
Oklahoma State Cowboys batting - Pitching for Saint John's Red Storm : RHP Carlos Núñes
Pitching: RHP Carlos Núñes
Batting: RHB Derrek Lane 0-0: Ball
1-0: Ball
2-0: Foul Ball, location: 2F
2-1: Bunt for hit - play at first, batter OUT! 2-3
Batting: SHB Ernest Hood 0-0: Ball
1-0: Called Strike
1-1: Ball
2-1: SINGLE (Groundball, 34) (infield hit)
Batting: LHB Bill Bryan 0-0: Called Strike
0-1: Ball
Ernest Hood steals 2nd base
1-1: Swinging Strike
1-2: Fly out, F7 (Flyball, 78S)
Batting: SHB Jacob Lachance 0-0: Fly out, F7 (Flyball, 7S)
Top of the 1st over - 0 run(s), 1 hit(s), 0 error(s), 1 left on base; Oklahoma State 0 - Saint John's 0
BOTTOM OF THE 1ST
Saint John's Red Storm batting - Pitching for Oklahoma State Cowboys : RHP Chad Swanson
Pitching: RHP Chad Swanson
Batting: SHB Roderick Thurman 0-0: Called Strike
0-1: Ball
1-1: Ball
2-1: Foul Ball, location: 2F
2-2: Ball
3-2: Fly out, F6 (Popup, 56D)
Batting: SHB Richard Coupland 0-0: Called Strike
0-1: Fly out, F9 (Flyball, 89S)
Batting: LHB Richard Shelton 0-0: Ball
1-0: SOLO HOME RUN (Flyball, 89XD), Distance : 383 ft
Batting: RHB Fred Wagner 0-0: Ball
1-0: Called Strike
1-1: Fly out, F4 (Line Drive, 4D)
Bottom of the 1st over - 1 run(s), 1 hit(s), 0 error(s), 0 left on base; Oklahoma State 0 - Saint John's 1
TOP OF THE 2ND
Oklahoma State Cowboys batting - Pitching for Saint John's Red Storm : RHP Carlos Núñes
Batting: RHB Burt Sharp 0-0: Called Strike
0-1: Ball
1-1: Ball
2-1: Ball
3-1: Foul Ball, location: 2F
3-2: SOLO HOME RUN (Flyball, 7D), Distance : 343 ft
Batting: RHB Dennis Ingram 0-0: Fly out, F3 (Line Drive, 3S)
Batting: RHB Larry Young 0-0: Fly out, F5 (Line Drive, 56)
Batting: SHB Myles Hopkins 0-0: Ball
1-0: Called Strike
1-1: Ground out 1-3 (Groundball, 13)
Top of the 2nd over - 1 run(s), 1 hit(s), 0 error(s), 0 left on base; Oklahoma State 1 - Saint John's 1
BOTTOM OF THE 2ND
Saint John's Red Storm batting - Pitching for Oklahoma State Cowboys : RHP Chad Swanson
Batting: RHB Jeffery Evans 0-0: SOLO HOME RUN (Flyball, 7D), Distance : 370 ft
Batting: RHB Mark Lester 0-0: Ball
1-0: Ball
2-0: Called Strike
2-1: Swinging Strike
2-2: Strikes out swinging
Batting: LHB Larry Bradley 0-0: Called Strike
0-1: Foul Ball, location: 2F
0-2: Ball
1-2: Fly out, F8 (Flyball, 8RS)
Batting: SHB Michael O'Quigley 0-0: Ball
1-0: Foul Ball, location: 2F
1-1: Ball
2-1: Foul Ball, location: 2F
2-2: Ball
3-2: Foul Ball, location: 2F
3-2: Base on Balls
Batting: SHB Timothy McBride 0-0: Ball
1-0: Ball
2-0: Ground out 6-3 (Groundball, 6MS)
Bottom of the 2nd over - 1 run(s), 1 hit(s), 0 error(s), 1 left on base; Oklahoma State 1 - Saint John's 2
TOP OF THE 3RD
Oklahoma State Cowboys batting - Pitching for Saint John's Red Storm : RHP Carlos Núñes
Batting: RHB Doug Wells 0-0: Called Strike
0-1: Ball
1-1: Ball
2-1: Foul Ball, location: 2F
2-2: Ball
3-2: Strikes out swinging
Batting: RHB Derrek Lane 0-0: Fly out, F9 (Flyball, 9S)
Batting: SHB Ernest Hood 0-0: Ball
1-0: Ball
2-0: Ball
3-0: Called Strike
3-1: Called Strike
3-2: SINGLE (Groundball, 34D)
Batting: LHB Bill Bryan 0-0: Ball
1-0: Ball
Ernest Hood steals 2nd base
2-0: Ball
3-0: Base on Balls
Batting: SHB Jacob Lachance 0-0: Called Strike
0-1: Ball
1-1: Ball
2-1: Foul Ball, location: 2F
2-2: Ball
3-2: Strikes out swinging
Top of the 3rd over - 0 run(s), 1 hit(s), 0 error(s), 2 left on base; Oklahoma State 1 - Saint John's 2
BOTTOM OF THE 3RD
Saint John's Red Storm batting - Pitching for Oklahoma State Cowboys : RHP Chad Swanson
Batting: SHB Roderick Thurman 0-0: Swinging Strike
0-1: Swinging Strike
0-2: Foul Ball, location: 2F
0-2: Strikes out looking
Batting: SHB Richard Coupland 0-0: Foul Ball, location: 2F
0-1: SINGLE (Groundball, 4D)
Batting: LHB Richard Shelton 0-0: Ball
1-0: Ball
Richard Coupland steals 2nd base
2-0: Foul Ball, location: 2F
2-1: Ball
3-1: Base on Balls
Batting: RHB Fred Wagner 0-0: Ball
1-0: Called Strike
1-1: Foul Ball, location: 2F
1-2: Foul Ball, location: 2F
1-2: Fly out, F9 (Line Drive, 9)
Batting: RHB Jeffery Evans 0-0: Called Strike
0-1: SINGLE (Line Drive, 4D)
Richard Coupland to third
Richard Shelton to second
Runner from 3rd tries for Home, SAFE, no throw
Batting: RHB Mark Lester 0-0: Swinging Strike
0-1: Foul Ball, location: 2F
0-2: Ball
1-2: Foul Ball, location: 2F
1-2: Ball
2-2: SINGLE (Line Drive, 56D)
Richard Shelton to third
Jeffery Evans to second
Runner from 3rd tries for Home, throw and OUT!
Bottom of the 3rd over - 1 run(s), 3 hit(s), 0 error(s), 2 left on base; Oklahoma State 1 - Saint John's 3
TOP OF THE 4TH
Oklahoma State Cowboys batting - Pitching for Saint John's Red Storm : RHP Carlos Núñes
Batting: RHB Burt Sharp 0-0: Ball
1-0: Called Strike
1-1: Foul Ball, location: 2F
1-2: Ball
2-2: SINGLE (Groundball, 4MD)
Batting: RHB Dennis Ingram 0-0: Ball
1-0: Called Strike
1-1: Foul Ball, location: 2F
1-2: SINGLE (Groundball, 34D)
Burt Sharp to second
Runner from 2nd tries for 3rd, SAFE, throw made to third
Batting: RHB Larry Young 0-0: Ball
1-0: Hit by Pitch
Dennis Ingram to second
Batting: SHB Myles Hopkins 0-0: Called Strike
0-1: Ball
1-1: Ball
2-1: Called Strike
2-2: Ball
3-2: Foul Ball, location: 2F
3-2: Strikes out swinging
Batting: RHB Doug Wells 0-0: Ball
1-0: Called Strike
1-1: SINGLE (Groundball, 6MD)
Burt Sharp scores
Dennis Ingram to third
Larry Young to second
Runner from 3rd tries for Home, SAFE, throw made home
Batting: RHB Derrek Lane 0-0: Ball
1-0: Called Strike
1-1: Fielders Choice at 2nd, 5-4 (Groundball, 56)
Larry Young to third
Batting: SHB Ernest Hood 0-0: SINGLE (Groundball, 4D)
Larry Young scores
Derrek Lane to second
Runner from 2nd tries for 3rd, OUT!
Top of the 4th over - 3 run(s), 4 hit(s), 0 error(s), 1 left on base; Oklahoma State 4 - Saint John's 3
BOTTOM OF THE 4TH
Saint John's Red Storm batting - Pitching for Oklahoma State Cowboys : RHP Chad Swanson
Batting: LHB Larry Bradley 0-0: Ball
1-0: Foul Ball, location: 2F
1-1: Ball
2-1: Called Strike
2-2: Foul Ball, location: 2F
2-2: Strikes out swinging
Batting: SHB Michael O'Quigley 0-0: Ball
1-0: Ball
2-0: Ground out 6-3 (Groundball, 6)
Batting: SHB Timothy McBride 0-0: Called Strike
0-1: Ball
1-1: Foul Ball, location: 2F
1-2: Ball
2-2: Ball
3-2: Ground out 4-3 (Groundball, 34)
Bottom of the 4th over - 0 run(s), 0 hit(s), 0 error(s), 0 left on base; Oklahoma State 4 - Saint John's 3
TOP OF THE 5TH
Oklahoma State Cowboys batting - Pitching for Saint John's Red Storm : RHP Carlos Núñes
Pitching: RHP Juan Moreno
Batting: LHB Bill Bryan 0-0: Ball
1-0: Foul Ball, location: 2F
1-1: Called Strike
1-2: Ball
2-2: Ball
3-2: Strikes out swinging
Batting: SHB Jacob Lachance 0-0: Foul Ball, location: 2F
0-1: Ball
1-1: Ball
2-1: Ball
3-1: Fly out, F7 (Flyball, 7LS)
Batting: RHB Burt Sharp 0-0: Called Strike
0-1: Ball
1-1: Ball
2-1: Ball
3-1: Base on Balls
Batting: RHB Dennis Ingram 0-0: Called Strike
Burt Sharp steals 2nd base
0-1: Fly out, F3 (Line Drive, 3)
Top of the 5th over - 0 run(s), 0 hit(s), 0 error(s), 1 left on base; Oklahoma State 4 - Saint John's 3
BOTTOM OF THE 5TH
Saint John's Red Storm batting - Pitching for Oklahoma State Cowboys : RHP Chad Swanson
Batting: SHB Roderick Thurman 0-0: Ball
1-0: Foul Ball, location: 2F
1-1: Called Strike
1-2: SINGLE (Flyball, 6MD)
Batting: SHB Richard Coupland 0-0: Ball
Roderick Thurman steals 2nd base
1-0: DOUBLE (Flyball, 8RXD)
Roderick Thurman scores
Batting: LHB Richard Shelton 0-0: Ball
1-0: SINGLE (Line Drive, 4MD)
Richard Coupland to third
Runner from 3rd tries for Home, throw and OUT!
Pitching: RHP Ryan Park
Batting: RHB Fred Wagner 0-0: Foul Ball, location: 2F
0-1: Called Strike
0-2: Foul Ball, location: 2F
0-2: Fly out, F4 (Line Drive, 4)
Batting: RHB Jeffery Evans 0-0: Ball
1-0: DOUBLE (Flyball, 8LD)
Richard Shelton to third
Batting: RHB Mark Lester 0-0: Ball
1-0: SINGLE (Groundball, 56D)
Richard Shelton scores
Jeffery Evans to third
Runner from 3rd tries for Home, SAFE, no throw
Batting: LHB Larry Bradley 0-0: Called Strike
0-1: Ball
1-1: Ball
2-1: Swinging Strike
2-2: SINGLE (Line Drive, 4M)
Mark Lester to second
Batting: SHB Michael O'Quigley 0-0: SINGLE (Groundball, 6D)
Mark Lester to third
Larry Bradley to second
Runner from 3rd tries for Home, SAFE, throw made home
Batting: SHB Timothy McBride 0-0: Ball
1-0: Fielders Choice at 2nd, 6-4 (Groundball, 6)
Bottom of the 5th over - 4 run(s), 7 hit(s), 0 error(s), 1 left on base; Oklahoma State 4 - Saint John's 7
TOP OF THE 6TH
Oklahoma State Cowboys batting - Pitching for Saint John's Red Storm : RHP Juan Moreno
Batting: RHB Larry Young 0-0: Foul Ball, location: 2F
0-1: Ball
1-1: Foul Ball, location: 2F
1-2: Strikes out looking
Batting: SHB Myles Hopkins 0-0: Ball
1-0: Ball
2-0: Called Strike
2-1: Ball
3-1: Base on Balls
Batting: RHB Doug Wells 0-0: Called Strike
0-1: Ball
1-1: Ball
2-1: Foul Ball, location: 2F
2-2: Strikes out swinging
Batting: RHB Derrek Lane 0-0: Ball
1-0: Swinging Strike
1-1: Ball
2-1: Called Strike
Throwing error on steal attempt, E2
Myles Hopkins to third
2-2: Strikes out swinging
Top of the 6th over - 0 run(s), 0 hit(s), 1 error(s), 1 left on base; Oklahoma State 4 - Saint John's 7
BOTTOM OF THE 6TH
Saint John's Red Storm batting - Pitching for Oklahoma State Cowboys : RHP Ryan Park
Pitching: LHP Barry Arroyo
Batting: SHB Roderick Thurman 0-0: Swinging Strike
0-1: Ball
1-1: Ball
2-1: Ball
3-1: Called Strike
3-2: Reached on error, E5 (Groundball, 5)
Batting: SHB Richard Coupland 0-0: Ball
1-0: Ball
2-0: Ball
3-0: Base on Balls
Roderick Thurman to second
Batting: LHB Richard Shelton 0-0: Called Strike
0-1: Grounds into double play, 4-6-3 (Groundball, 4)
Roderick Thurman to third
Batting: RHB Fred Wagner 0-0: Called Strike
0-1: Ball
1-1: Ball
2-1: Ball
3-1: SINGLE (Flyball, 8RS)
Roderick Thurman scores
Batting: RHB Jeffery Evans 0-0: Ball
1-0: Ball
2-0: Fly out, F9 (Flyball, 89M)
Bottom of the 6th over - 1 run(s), 1 hit(s), 1 error(s), 1 left on base; Oklahoma State 4 - Saint John's 8
TOP OF THE 7TH
Oklahoma State Cowboys batting - Pitching for Saint John's Red Storm : RHP Juan Moreno
Batting: SHB Ernest Hood 0-0: DOUBLE (Line Drive, 78M)
Batting: LHB Bill Bryan 0-0: Called Strike
0-1: Ball
1-1: Fly out, F8 (Flyball, 8RD)
Batting: SHB Jacob Lachance 0-0: Called Strike
0-1: Foul Ball, location: 2F
0-2: Strikes out swinging
Batting: RHB Burt Sharp 0-0: Ball
1-0: Foul Ball, location: 2F
1-1: Foul Ball, location: 2F
1-2: Foul Ball, location: 2F
1-2: Strikes out swinging
Top of the 7th over - 0 run(s), 1 hit(s), 0 error(s), 1 left on base; Oklahoma State 4 - Saint John's 8
BOTTOM OF THE 7TH
Saint John's Red Storm batting - Pitching for Oklahoma State Cowboys : LHP Barry Arroyo
Batting: RHB Mark Lester 0-0: Called Strike
0-1: Swinging Strike
0-2: Foul Ball, location: 2F
0-2: Ball
1-2: Foul Ball, location: 2F
1-2: Foul Ball, location: 2F
1-2: Ball
2-2: Foul Ball, location: 2F
2-2: Ball
3-2: Base on Balls
Pitching: LHP Clarence Webb
Batting: LHB Larry Bradley 0-0: Called Strike
0-1: Ball
1-1: Called Strike
1-2: Ball
2-2: Foul Ball, location: 2F
2-2: Ball
3-2: Base on Balls
Mark Lester to second
Batting: SHB Michael O'Quigley 0-0: Foul Ball, location: 2F
0-1: Ball
1-1: SINGLE (Line Drive, 6MD)
Mark Lester to third
Larry Bradley to second
Runner from 3rd tries for Home, throw and OUT!
Batting: SHB Timothy McBride 0-0: Ball
1-0: Ball
2-0: Swinging Strike
2-1: Swinging Strike
2-2: SINGLE (Line Drive, 8RS)
Larry Bradley to third
Michael O'Quigley to second
Batting: SHB Roderick Thurman 0-0: Ball
1-0: Foul Ball, location: 2F
1-1: Ball
2-1: Ball
3-1: Called Strike
3-2: Base on Balls
Larry Bradley scores
Michael O'Quigley to third
Timothy McBride to second
Batting: SHB Richard Coupland 0-0: Ball
1-0: Ball
2-0: Ball
3-0: Base on Balls
Michael O'Quigley scores
Timothy McBride to third
Roderick Thurman to second
Batting: LHB Richard Shelton 0-0: Ball
1-0: GRAND SLAM HOME RUN (Flyball, 9D), Distance : 370 ft
Pitching: LHP John Curtis
Batting: RHB Fred Wagner 0-0: SINGLE (Line Drive, 6MD)
Batting: RHB Jeffery Evans 0-0: SINGLE (Groundball, 56) (infield hit)
Fred Wagner to second
Batting: RHB Mark Lester 0-0: SINGLE (Groundball, 56D)
Fred Wagner to third
Jeffery Evans to second
Batting: LHB Larry Bradley 0-0: Ball
1-0: Called Strike
1-1: Ball
Wild Pitch!
Fred Wagner scores
Jeffery Evans to third
Mark Lester to second
2-1: Swinging Strike
2-2: SINGLE (Groundball, 56D)
Jeffery Evans scores
Mark Lester to third
Runner from 3rd tries for Home, SAFE, no throw
Pitching: RHP Stu Morris
Batting: SHB Michael O'Quigley 0-0: DOUBLE (Groundball, 3L)
Larry Bradley to third
Runner from 3rd tries for Home, SAFE, no throw
Batting: SHB Timothy McBride 0-0: Called Strike
0-1: Called Strike
0-2: Foul Ball, location: 2F
0-2: Fly out, F9 (Flyball, 9S)
Batting: SHB Roderick Thurman 0-0: Ball
1-0: Foul Ball, location: 2F
1-1: Ball
2-1: Called Strike
2-2: Strikes out swinging
Bottom of the 7th over - 10 run(s), 8 hit(s), 0 error(s), 1 left on base; Oklahoma State 4 - Saint John's 18
TOP OF THE 8TH
Oklahoma State Cowboys batting - Pitching for Saint John's Red Storm : RHP Juan Moreno
Now at C: Javier Rosado
Batting: RHB Dennis Ingram 0-0: Ball
1-0: Called Strike
1-1: Ball
2-1: DOUBLE (Flyball, 89D)
Batting: RHB Larry Young 0-0: Swinging Strike
0-1: Ball
1-1: Foul Ball, location: 2F
1-2: Fly out, F6 (Line Drive, 56)
Pitching: RHP Trey Sims
Batting: SHB Myles Hopkins 0-0: Called Strike
0-1: Ball
1-1: Ball
2-1: Foul Ball, location: 2F
2-2: Foul Ball, location: 2F
2-2: Strikes out swinging
Batting: RHB Doug Wells 0-0: Fly out, F8 (Flyball, 8LM)
Top of the 8th over - 0 run(s), 1 hit(s), 0 error(s), 1 left on base; Oklahoma State 4 - Saint John's 18
BOTTOM OF THE 8TH
Saint John's Red Storm batting - Pitching for Oklahoma State Cowboys : RHP Stu Morris
Batting: SHB Richard Coupland 0-0: Called Strike
0-1: Ball
1-1: Ball
2-1: Foul Ball, location: 2F
2-2: Ball
3-2: Foul Ball, location: 2F
3-2: Base on Balls
Batting: LHB Richard Shelton 0-0: Called Strike
Richard Coupland is caught stealing 2nd base
0-1: Ball
1-1: Ball
2-1: Ball
3-1: Base on Balls
Batting: SHB Javier Rosado 0-0: Ball
1-0: Ball
2-0: Ball
3-0: Called Strike
3-1: Swinging Strike
3-2: Base on Balls
Richard Shelton to second
Batting: RHB Jeffery Evans 0-0: Fielders Choice at 2nd, 3-6 (Groundball, 3)
Richard Shelton to third
Batting: RHB Mark Lester 0-0: Called Strike
0-1: Ball
1-1: Swinging Strike
1-2: Ball
2-2: Ball
3-2: Foul Ball, location: 2F
3-2: Base on Balls
Jeffery Evans to second
Pinch Hitting: RHB Thomas Barnes 0-0: Ball
1-0: Foul Ball, location: 2F
1-1: Ball
2-1: DOUBLE (Line Drive, 89M)
Richard Shelton scores
Jeffery Evans scores
Mark Lester to third
Runner from 3rd tries for Home, SAFE, no throw
Pitching: RHP Ken Burnett
Batting: SHB Michael O'Quigley 0-0: Called Strike
0-1: Ball
1-1: SINGLE (Flyball, 9LS)
Thomas Barnes to third
Runner from 3rd tries for Home, SAFE, no throw
Batting: SHB Timothy McBride 0-0: Ball
1-0: Ball
2-0: Called Strike
2-1: Ball
3-1: Foul Ball, location: 2F
3-2: Foul Ball, location: 2F
3-2: Base on Balls
Michael O'Quigley to second
Batting: SHB Roderick Thurman 0-0: Swinging Strike
0-1: Called Strike
0-2: Ball
1-2: Foul Ball, location: 2F
1-2: Foul Ball, location: 2F
1-2: Strikes out swinging
Bottom of the 8th over - 4 run(s), 2 hit(s), 0 error(s), 2 left on base; Oklahoma State 4 - Saint John's 22
TOP OF THE 9TH
Oklahoma State Cowboys batting - Pitching for Saint John's Red Storm : RHP Trey Sims
Now in LF: Ray O'Dell
Batting: RHB Derrek Lane 0-0: Ground out 6-3 (Groundball, 56D)
Batting: SHB Ernest Hood 0-0: Ball
1-0: Ball
2-0: Ball
3-0: Base on Balls
Batting: LHB Bill Bryan 0-0: Ground out 6-3 (Groundball, 6MD)
Ernest Hood to second
Batting: SHB Jacob Lachance 0-0: Foul Ball, location: 2F
0-1: Foul Ball, location: 2F
0-2: Ball
1-2: Foul Ball, location: 2F
1-2: Ball
2-2: Ball
3-2: Strikes out looking
Top of the 9th over - 0 run(s), 0 hit(s), 0 error(s), 1 left on base; Oklahoma State 4 - Saint John's 22
Tuesday, August 8th, 2017 - OOTP Baseball 17.12 Build 75